%YAML 1.1
%TAG !u! tag:unity3d.com,2011:
--- !u!1 &3921749126159781831
GameObject:
  m_ObjectHideFlags: 0
  m_CorrespondingSourceObject: {fileID: 0}
  m_PrefabInstance: {fileID: 0}
  m_PrefabAsset: {fileID: 0}
  serializedVersion: 6
  m_Component:
  - component: {fileID: 3921749126159781830}
  - component: {fileID: 3921749126159781816}
  - component: {fileID: 3921749126159781817}
  m_Layer: 5
  m_Name: First Text
  m_TagString: Untagged
  m_Icon: {fileID: 0}
  m_NavMeshLayer: 0
  m_StaticEditorFlags: 0
  m_IsActive: 1
--- !u!224 &3921749126159781830
RectTransform:
  m_ObjectHideFlags: 0
  m_CorrespondingSourceObject: {fileID: 0}
  m_PrefabInstance: {fileID: 0}
  m_PrefabAsset: {fileID: 0}
  m_GameObject: {fileID: 3921749126159781831}
  m_LocalRotation: {x: 0.70240176, y: 0.081436455, z: -0.0814365, w: 0.70240164}
  m_LocalPosition: {x: 0, y: 0, z: -1.25}
  m_LocalScale: {x: 0.010000002, y: 0.010000003, z: 0.010000003}
  m_Children: []
  m_Father: {fileID: 3419906294955118268}
  m_RootOrder: 0
  m_LocalEulerAnglesHint: {x: 0, y: 0, z: 0}
  m_AnchorMin: {x: 0, y: 0}
  m_AnchorMax: {x: 1, y: 1}
  m_AnchoredPosition: {x: -499.901, y: -880.6251}
  m_SizeDelta: {x: -800.7077, y: -1707.2595}
  m_Pivot: {x: 0.5, y: 0.5}
--- !u!222 &3921749126159781816
CanvasRenderer:
  m_ObjectHideFlags: 0
  m_CorrespondingSourceObject: {fileID: 0}
  m_PrefabInstance: {fileID: 0}
  m_PrefabAsset: {fileID: 0}
  m_GameObject: {fileID: 3921749126159781831}
  m_CullTransparentMesh: 0
--- !u!114 &3921749126159781817
MonoBehaviour:
  m_ObjectHideFlags: 0
  m_CorrespondingSourceObject: {fileID: 0}
  m_PrefabInstance: {fileID: 0}
  m_PrefabAsset: {fileID: 0}
  m_GameObject: {fileID: 3921749126159781831}
  m_Enabled: 1
  m_EditorHideFlags: 0
  m_Script: {fileID: 11500000, guid: f4688fdb7df04437aeb418b961361dc5, type: 3}
  m_Name: 
  m_EditorClassIdentifier: 
  m_Material: {fileID: 0}
  m_Color: {r: 1, g: 1, b: 1, a: 1}
  m_RaycastTarget: 1
  m_OnCullStateChanged:
    m_PersistentCalls:
      m_Calls: []
    m_TypeName: UnityEngine.UI.MaskableGraphic+CullStateChangedEvent, UnityEngine.UI,
      Version=1.0.0.0, Culture=neutral, PublicKeyToken=null
  m_text: Cigarretes can be in your way or help slow you down
  m_isRightToLeft: 0
  m_fontAsset: {fileID: 11400000, guid: c2114528e7279431e820b38ad43a916c, type: 2}
  m_sharedMaterial: {fileID: 6321171848169599628, guid: c2114528e7279431e820b38ad43a916c,
    type: 2}
  m_fontSharedMaterials: []
  m_fontMaterial: {fileID: 0}
  m_fontMaterials: []
  m_fontColor32:
    serializedVersion: 2
    rgba: 4294967295
  m_fontColor: {r: 1, g: 1, b: 1, a: 1}
  m_enableVertexGradient: 0
  m_colorMode: 3
  m_fontColorGradient:
    topLeft: {r: 1, g: 1, b: 1, a: 1}
    topRight: {r: 1, g: 1, b: 1, a: 1}
    bottomLeft: {r: 1, g: 1, b: 1, a: 1}
    bottomRight: {r: 1, g: 1, b: 1, a: 1}
  m_fontColorGradientPreset: {fileID: 0}
  m_spriteAsset: {fileID: 0}
  m_tintAllSprites: 0
  m_overrideHtmlColors: 0
  m_faceColor:
    serializedVersion: 2
    rgba: 4294967295
  m_outlineColor:
    serializedVersion: 2
    rgba: 4278190080
  m_fontSize: 14.55
  m_fontSizeBase: 60
  m_fontWeight: 400
  m_enableAutoSizing: 1
  m_fontSizeMin: 5
  m_fontSizeMax: 72
  m_fontStyle: 0
  m_textAlignment: 4128
  m_characterSpacing: 0
  m_wordSpacing: 0
  m_lineSpacing: 0
  m_lineSpacingMax: 0
  m_paragraphSpacing: 0
  m_charWidthMaxAdj: 0
  m_enableWordWrapping: 1
  m_wordWrappingRatios: 0.4
  m_overflowMode: 0
  m_firstOverflowCharacterIndex: -1
  m_linkedTextComponent: {fileID: 0}
  m_isLinkedTextComponent: 0
  m_isTextTruncated: 0
  m_enableKerning: 1
  m_enableExtraPadding: 0
  checkPaddingRequired: 0
  m_isRichText: 1
  m_parseCtrlCharacters: 1
  m_isOrthographic: 1
  m_isCullingEnabled: 0
  m_ignoreRectMaskCulling: 0
  m_ignoreCulling: 1
  m_horizontalMapping: 0
  m_verticalMapping: 0
  m_uvLineOffset: 0
  m_geometrySortingOrder: 0
  m_VertexBufferAutoSizeReduction: 1
  m_firstVisibleCharacter: 0
  m_useMaxVisibleDescender: 1
  m_pageToDisplay: 1
  m_margin: {x: 0, y: 0, z: 29.847645, w: 0}
  m_textInfo:
    textComponent: {fileID: 3921749126159781817}
    characterCount: 51
    spriteCount: 0
    spaceCount: 10
    wordCount: 11
    linkCount: 0
    lineCount: 3
    pageCount: 1
    materialCount: 1
  m_isUsingLegacyAnimationComponent: 0
  m_isVolumetricText: 0
  m_spriteAnimator: {fileID: 0}
  m_hasFontAssetChanged: 0
  m_subTextObjects:
  - {fileID: 0}
  - {fileID: 0}
  - {fileID: 0}
  - {fileID: 0}
  - {fileID: 0}
  - {fileID: 0}
  - {fileID: 0}
  - {fileID: 0}
  m_baseMaterial: {fileID: 0}
  m_maskOffset: {x: 0, y: 0, z: 0, w: 0}
--- !u!1 &4561929012139898729
GameObject:
  m_ObjectHideFlags: 0
  m_CorrespondingSourceObject: {fileID: 0}
  m_PrefabInstance: {fileID: 0}
  m_PrefabAsset: {fileID: 0}
  serializedVersion: 6
  m_Component:
  - component: {fileID: 7332213173027556972}
  m_Layer: 0
  m_Name: Objects
  m_TagString: Untagged
  m_Icon: {fileID: 0}
  m_NavMeshLayer: 0
  m_StaticEditorFlags: 0
  m_IsActive: 1
--- !u!4 &7332213173027556972
Transform:
  m_ObjectHideFlags: 0
  m_CorrespondingSourceObject: {fileID: 0}
  m_PrefabInstance: {fileID: 0}
  m_PrefabAsset: {fileID: 0}
  m_GameObject: {fileID: 4561929012139898729}
  m_LocalRotation: {x: -0, y: -0, z: -0, w: 1}
  m_LocalPosition: {x: 0, y: 0, z: 0}
  m_LocalScale: {x: 1, y: 1, z: 1}
  m_Children:
  - {fileID: 4685355448210049919}
  - {fileID: 6121150639796682263}
  - {fileID: 616736949988297176}
  - {fileID: 9178320286864605806}
  - {fileID: 8243698822400764715}
  - {fileID: 8193740323930963858}
  - {fileID: 2350180105077234417}
  - {fileID: 6232470076380057230}
  - {fileID: 862952947312445422}
  - {fileID: 9084107929892164402}
  - {fileID: 6108573353075567981}
  - {fileID: 8401573585652117684}
  - {fileID: 7042297284910547689}
  - {fileID: 3631513385690945470}
  m_Father: {fileID: 7407818199001340059}
  m_RootOrder: 4
  m_LocalEulerAnglesHint: {x: 0, y: 0, z: 0}
--- !u!1 &6789789255073263125
GameObject:
  m_ObjectHideFlags: 0
  m_CorrespondingSourceObject: {fileID: 0}
  m_PrefabInstance: {fileID: 0}
  m_PrefabAsset: {fileID: 0}
  serializedVersion: 6
  m_Component:
  - component: {fileID: 3419906294955118268}
  - component: {fileID: 638986913137158533}
  - component: {fileID: 2388129419398590080}
  - component: {fileID: 5024466220813048672}
  m_Layer: 5
  m_Name: Canvas
  m_TagString: Untagged
  m_Icon: {fileID: 0}
  m_NavMeshLayer: 0
  m_StaticEditorFlags: 0
  m_IsActive: 1
--- !u!224 &3419906294955118268
RectTransform:
  m_ObjectHideFlags: 0
  m_CorrespondingSourceObject: {fileID: 0}
  m_PrefabInstance: {fileID: 0}
  m_PrefabAsset: {fileID: 0}
  m_GameObject: {fileID: 6789789255073263125}
  m_LocalRotation: {x: -0, y: -0, z: -0, w: 1}
  m_LocalPosition: {x: 0, y: 0, z: 0}
  m_LocalScale: {x: 0.1, y: 0.1, z: 0.1}
  m_Children:
  - {fileID: 3921749126159781830}
  m_Father: {fileID: 7407818199001340059}
  m_RootOrder: 5
  m_LocalEulerAnglesHint: {x: 0, y: 0, z: 0}
  m_AnchorMin: {x: 0, y: 0}
  m_AnchorMax: {x: 0, y: 0}
  m_AnchoredPosition: {x: 49.399994, y: 87.79999}
  m_SizeDelta: {x: 988, y: 1756}
  m_Pivot: {x: 0.5, y: 0.5}
--- !u!223 &638986913137158533
Canvas:
  m_ObjectHideFlags: 0
  m_CorrespondingSourceObject: {fileID: 0}
  m_PrefabInstance: {fileID: 0}
  m_PrefabAsset: {fileID: 0}
  m_GameObject: {fileID: 6789789255073263125}
  m_Enabled: 1
  serializedVersion: 3
  m_RenderMode: 2
  m_Camera: {fileID: 0}
  m_PlaneDistance: 100
  m_PixelPerfect: 0
  m_ReceivesEvents: 1
  m_OverrideSorting: 0
  m_OverridePixelPerfect: 0
  m_SortingBucketNormalizedSize: 0
  m_AdditionalShaderChannelsFlag: 25
  m_SortingLayerID: 0
  m_SortingOrder: 0
  m_TargetDisplay: 0
--- !u!114 &2388129419398590080
MonoBehaviour:
  m_ObjectHideFlags: 0
  m_CorrespondingSourceObject: {fileID: 0}
  m_PrefabInstance: {fileID: 0}
  m_PrefabAsset: {fileID: 0}
  m_GameObject: {fileID: 6789789255073263125}
  m_Enabled: 1
  m_EditorHideFlags: 0
  m_Script: {fileID: 1980459831, guid: f70555f144d8491a825f0804e09c671c, type: 3}
  m_Name: 
  m_EditorClassIdentifier: 
  m_UiScaleMode: 0
  m_ReferencePixelsPerUnit: 100
  m_ScaleFactor: 1
  m_ReferenceResolution: {x: 800, y: 600}
  m_ScreenMatchMode: 0
  m_MatchWidthOrHeight: 0
  m_PhysicalUnit: 3
  m_FallbackScreenDPI: 96
  m_DefaultSpriteDPI: 96
  m_DynamicPixelsPerUnit: 1
--- !u!114 &5024466220813048672
MonoBehaviour:
  m_ObjectHideFlags: 0
  m_CorrespondingSourceObject: {fileID: 0}
  m_PrefabInstance: {fileID: 0}
  m_PrefabAsset: {fileID: 0}
  m_GameObject: {fileID: 6789789255073263125}
  m_Enabled: 1
  m_EditorHideFlags: 0
  m_Script: {fileID: 1301386320, guid: f70555f144d8491a825f0804e09c671c, type: 3}
  m_Name: 
  m_EditorClassIdentifier: 
  m_IgnoreReversedGraphics: 1
  m_BlockingObjects: 0
  m_BlockingMask:
    serializedVersion: 2
    m_Bits: 4294967295
--- !u!1 &9086265532031188892
GameObject:
  m_ObjectHideFlags: 0
  m_CorrespondingSourceObject: {fileID: 0}
  m_PrefabInstance: {fileID: 0}
  m_PrefabAsset: {fileID: 0}
  serializedVersion: 6
  m_Component:
  - component: {fileID: 7407818199001340059}
  - component: {fileID: 2073504459657505702}
  m_Layer: 0
  m_Name: Level 7
  m_TagString: Untagged
  m_Icon: {fileID: 0}
  m_NavMeshLayer: 0
  m_StaticEditorFlags: 0
  m_IsActive: 1
--- !u!4 &7407818199001340059
Transform:
  m_ObjectHideFlags: 0
  m_CorrespondingSourceObject: {fileID: 0}
  m_PrefabInstance: {fileID: 0}
  m_PrefabAsset: {fileID: 0}
  m_GameObject: {fileID: 9086265532031188892}
  m_LocalRotation: {x: 0, y: 0, z: 0, w: 1}
  m_LocalPosition: {x: 0, y: 0, z: 0}
  m_LocalScale: {x: 5, y: 5, z: 5}
  m_Children:
  - {fileID: 772649518171286072}
  - {fileID: 4898034489595090977}
  - {fileID: 4801638076152785545}
  - {fileID: 6347491375047399384}
  - {fileID: 7332213173027556972}
  - {fileID: 3419906294955118268}
  m_Father: {fileID: 0}
  m_RootOrder: 0
  m_LocalEulerAnglesHint: {x: 0, y: 0, z: 0}
--- !u!114 &2073504459657505702
MonoBehaviour:
  m_ObjectHideFlags: 0
  m_CorrespondingSourceObject: {fileID: 0}
  m_PrefabInstance: {fileID: 0}
  m_PrefabAsset: {fileID: 0}
  m_GameObject: {fileID: 9086265532031188892}
  m_Enabled: 1
  m_EditorHideFlags: 0
  m_Script: {fileID: 11500000, guid: 0d38a2a67a6d84fcb984cf7eafb31f9d, type: 3}
  m_Name: 
  m_EditorClassIdentifier: 
  threeStars: 3
  twoStars: 5
  oneStar: 6
  currentStars: 0
  startPoint: {fileID: 5861545453510740546}
  endPoint: {fileID: 1984496391274537711}
  unlockableCoinImage: {fileID: -1019179197210282235, guid: 19b3d872d2a114b62bf03decb54e339e,
    type: 3}
--- !u!1001 &39625469467636089
PrefabInstance:
  m_ObjectHideFlags: 0
  serializedVersion: 2
  m_Modification:
    m_TransformParent: {fileID: 7332213173027556972}
    m_Modifications:
    - target: {fileID: 0}
      propertyPath: m_Enabled
      value: 0
      objectReference: {fileID: 0}
    - target: {fileID: 5244057998777897048, guid: 89580e58cf2eab146ba2aeabb173f63e,
        type: 3}
      propertyPath: m_Name
      value: Cigarette (4)
      objectReference: {fileID: 0}
    - target: {fileID: 9123724603047617099, guid: 89580e58cf2eab146ba2aeabb173f63e,
        type: 3}
      propertyPath: m_LocalPosition.x
      value: -0.752
      objectReference: {fileID: 0}
    - target: {fileID: 9123724603047617099, guid: 89580e58cf2eab146ba2aeabb173f63e,
        type: 3}
      propertyPath: m_LocalPosition.y
      value: -0.24700001
      objectReference: {fileID: 0}
    - target: {fileID: 9123724603047617099, guid: 89580e58cf2eab146ba2aeabb173f63e,
        type: 3}
      propertyPath: m_LocalPosition.z
      value: -0.149
      objectReference: {fileID: 0}
    - target: {fileID: 9123724603047617099, guid: 89580e58cf2eab146ba2aeabb173f63e,
        type: 3}
      propertyPath: m_LocalRotation.x
      value: 0.000000113355284
      objectReference: {fileID: 0}
    - target: {fileID: 9123724603047617099, guid: 89580e58cf2eab146ba2aeabb173f63e,
        type: 3}
      propertyPath: m_LocalRotation.y
      value: -0.14353363
      objectReference: {fileID: 0}
    - target: {fileID: 9123724603047617099, guid: 89580e58cf2eab146ba2aeabb173f63e,
        type: 3}
      propertyPath: m_LocalRotation.z
      value: 0.00000014144528
      objectReference: {fileID: 0}
    - target: {fileID: 9123724603047617099, guid: 89580e58cf2eab146ba2aeabb173f63e,
        type: 3}
      propertyPath: m_LocalRotation.w
      value: 0.9896455
      objectReference: {fileID: 0}
    - target: {fileID: 9123724603047617099, guid: 89580e58cf2eab146ba2aeabb173f63e,
        type: 3}
      propertyPath: m_RootOrder
      value: 9
      objectReference: {fileID: 0}
    - target: {fileID: 9123724603047617099, guid: 89580e58cf2eab146ba2aeabb173f63e,
        type: 3}
      propertyPath: m_LocalEulerAnglesHint.x
      value: 0
      objectReference: {fileID: 0}
    - target: {fileID: 9123724603047617099, guid: 89580e58cf2eab146ba2aeabb173f63e,
        type: 3}
      propertyPath: m_LocalEulerAnglesHint.y
      value: -16.505001
      objectReference: {fileID: 0}
    - target: {fileID: 9123724603047617099, guid: 89580e58cf2eab146ba2aeabb173f63e,
        type: 3}
      propertyPath: m_LocalEulerAnglesHint.z
      value: 0
      objectReference: {fileID: 0}
    - target: {fileID: -4153676201286640552, guid: 89580e58cf2eab146ba2aeabb173f63e,
        type: 3}
      propertyPath: m_IsKinematic
      value: 0
      objectReference: {fileID: 0}
    m_RemovedComponents: []
  m_SourcePrefab: {fileID: 100100000, guid: 89580e58cf2eab146ba2aeabb173f63e, type: 3}
--- !u!4 &9084107929892164402 stripped
Transform:
  m_CorrespondingSourceObject: {fileID: 9123724603047617099, guid: 89580e58cf2eab146ba2aeabb173f63e,
    type: 3}
  m_PrefabInstance: {fileID: 39625469467636089}
  m_PrefabAsset: {fileID: 0}
--- !u!1001 &722152118185382655
PrefabInstance:
  m_ObjectHideFlags: 0
  serializedVersion: 2
  m_Modification:
    m_TransformParent: {fileID: 7332213173027556972}
    m_Modifications:
    - target: {fileID: 5244057998777897048, guid: 89580e58cf2eab146ba2aeabb173f63e,
        type: 3}
      propertyPath: m_Name
      value: Cigarette (6)
      objectReference: {fileID: 0}
    - target: {fileID: 9123724603047617099, guid: 89580e58cf2eab146ba2aeabb173f63e,
        type: 3}
      propertyPath: m_LocalPosition.x
      value: -0.6957024
      objectReference: {fileID: 0}
    - target: {fileID: 9123724603047617099, guid: 89580e58cf2eab146ba2aeabb173f63e,
        type: 3}
      propertyPath: m_LocalPosition.y
      value: -0.24700001
      objectReference: {fileID: 0}
    - target: {fileID: 9123724603047617099, guid: 89580e58cf2eab146ba2aeabb173f63e,
        type: 3}
      propertyPath: m_LocalPosition.z
      value: -0.33915442
      objectReference: {fileID: 0}
    - target: {fileID: 9123724603047617099, guid: 89580e58cf2eab146ba2aeabb173f63e,
        type: 3}
      propertyPath: m_LocalRotation.x
      value: 0.000000113355284
      objectReference: {fileID: 0}
    - target: {fileID: 9123724603047617099, guid: 89580e58cf2eab146ba2aeabb173f63e,
        type: 3}
      propertyPath: m_LocalRotation.y
      value: -0.14353363
      objectReference: {fileID: 0}
    - target: {fileID: 9123724603047617099, guid: 89580e58cf2eab146ba2aeabb173f63e,
        type: 3}
      propertyPath: m_LocalRotation.z
      value: 0.00000014144528
      objectReference: {fileID: 0}
    - target: {fileID: 9123724603047617099, guid: 89580e58cf2eab146ba2aeabb173f63e,
        type: 3}
      propertyPath: m_LocalRotation.w
      value: 0.9896455
      objectReference: {fileID: 0}
    - target: {fileID: 9123724603047617099, guid: 89580e58cf2eab146ba2aeabb173f63e,
        type: 3}
      propertyPath: m_RootOrder
      value: 11
      objectReference: {fileID: 0}
    - target: {fileID: 9123724603047617099, guid: 89580e58cf2eab146ba2aeabb173f63e,
        type: 3}
      propertyPath: m_LocalEulerAnglesHint.x
      value: 0
      objectReference: {fileID: 0}
    - target: {fileID: 9123724603047617099, guid: 89580e58cf2eab146ba2aeabb173f63e,
        type: 3}
      propertyPath: m_LocalEulerAnglesHint.y
      value: -16.505001
      objectReference: {fileID: 0}
    - target: {fileID: 9123724603047617099, guid: 89580e58cf2eab146ba2aeabb173f63e,
        type: 3}
      propertyPath: m_LocalEulerAnglesHint.z
      value: 0
      objectReference: {fileID: 0}
    - target: {fileID: -4153676201286640552, guid: 89580e58cf2eab146ba2aeabb173f63e,
        type: 3}
      propertyPath: m_IsKinematic
      value: 0
      objectReference: {fileID: 0}
    m_RemovedComponents: []
  m_SourcePrefab: {fileID: 100100000, guid: 89580e58cf2eab146ba2aeabb173f63e, type: 3}
--- !u!4 &8401573585652117684 stripped
Transform:
  m_CorrespondingSourceObject: {fileID: 9123724603047617099, guid: 89580e58cf2eab146ba2aeabb173f63e,
    type: 3}
  m_PrefabInstance: {fileID: 722152118185382655}
  m_PrefabAsset: {fileID: 0}
--- !u!1001 &888795077670874143
PrefabInstance:
  m_ObjectHideFlags: 0
  serializedVersion: 2
  m_Modification:
    m_TransformParent: {fileID: 7332213173027556972}
    m_Modifications:
    - target: {fileID: 7997347997104644123, guid: 03113b7c1800f2841a03ef3f5f7f1e6e,
        type: 3}
      propertyPath: m_Name
      value: Chair (1)
      objectReference: {fileID: 0}
    - target: {fileID: 6388092709920068104, guid: 03113b7c1800f2841a03ef3f5f7f1e6e,
        type: 3}
      propertyPath: m_LocalPosition.x
      value: -0.27
      objectReference: {fileID: 0}
    - target: {fileID: 6388092709920068104, guid: 03113b7c1800f2841a03ef3f5f7f1e6e,
        type: 3}
      propertyPath: m_LocalPosition.y
      value: -0.679
      objectReference: {fileID: 0}
    - target: {fileID: 6388092709920068104, guid: 03113b7c1800f2841a03ef3f5f7f1e6e,
        type: 3}
      propertyPath: m_LocalPosition.z
      value: -0.127
      objectReference: {fileID: 0}
    - target: {fileID: 6388092709920068104, guid: 03113b7c1800f2841a03ef3f5f7f1e6e,
        type: 3}
      propertyPath: m_LocalRotation.x
      value: -0.6532811
      objectReference: {fileID: 0}
    - target: {fileID: 6388092709920068104, guid: 03113b7c1800f2841a03ef3f5f7f1e6e,
        type: 3}
      propertyPath: m_LocalRotation.y
      value: 0.27059898
      objectReference: {fileID: 0}
    - target: {fileID: 6388092709920068104, guid: 03113b7c1800f2841a03ef3f5f7f1e6e,
        type: 3}
      propertyPath: m_LocalRotation.z
      value: 0.27059892
      objectReference: {fileID: 0}
    - target: {fileID: 6388092709920068104, guid: 03113b7c1800f2841a03ef3f5f7f1e6e,
        type: 3}
      propertyPath: m_LocalRotation.w
      value: 0.65328115
      objectReference: {fileID: 0}
    - target: {fileID: 6388092709920068104, guid: 03113b7c1800f2841a03ef3f5f7f1e6e,
        type: 3}
      propertyPath: m_RootOrder
      value: 1
      objectReference: {fileID: 0}
    - target: {fileID: 6388092709920068104, guid: 03113b7c1800f2841a03ef3f5f7f1e6e,
        type: 3}
      propertyPath: m_LocalEulerAnglesHint.x
      value: -90.00001
      objectReference: {fileID: 0}
    - target: {fileID: 6388092709920068104, guid: 03113b7c1800f2841a03ef3f5f7f1e6e,
        type: 3}
      propertyPath: m_LocalEulerAnglesHint.y
      value: 0
      objectReference: {fileID: 0}
    - target: {fileID: 6388092709920068104, guid: 03113b7c1800f2841a03ef3f5f7f1e6e,
        type: 3}
      propertyPath: m_LocalEulerAnglesHint.z
      value: 45.000004
      objectReference: {fileID: 0}
    m_RemovedComponents: []
  m_SourcePrefab: {fileID: 100100000, guid: 03113b7c1800f2841a03ef3f5f7f1e6e, type: 3}
--- !u!4 &6121150639796682263 stripped
Transform:
  m_CorrespondingSourceObject: {fileID: 6388092709920068104, guid: 03113b7c1800f2841a03ef3f5f7f1e6e,
    type: 3}
  m_PrefabInstance: {fileID: 888795077670874143}
  m_PrefabAsset: {fileID: 0}
--- !u!1001 &1093240315518115289
PrefabInstance:
  m_ObjectHideFlags: 0
  serializedVersion: 2
  m_Modification:
    m_TransformParent: {fileID: 7332213173027556972}
    m_Modifications:
    - target: {fileID: 5244057998777897048, guid: 89580e58cf2eab146ba2aeabb173f63e,
        type: 3}
      propertyPath: m_Name
      value: Cigarette
      objectReference: {fileID: 0}
    - target: {fileID: 9123724603047617099, guid: 89580e58cf2eab146ba2aeabb173f63e,
        type: 3}
      propertyPath: m_LocalPosition.x
      value: -0.1
      objectReference: {fileID: 0}
    - target: {fileID: 9123724603047617099, guid: 89580e58cf2eab146ba2aeabb173f63e,
        type: 3}
      propertyPath: m_LocalPosition.y
      value: 0.06800001
      objectReference: {fileID: 0}
    - target: {fileID: 9123724603047617099, guid: 89580e58cf2eab146ba2aeabb173f63e,
        type: 3}
      propertyPath: m_LocalPosition.z
      value: -0.172
      objectReference: {fileID: 0}
    - target: {fileID: 9123724603047617099, guid: 89580e58cf2eab146ba2aeabb173f63e,
        type: 3}
      propertyPath: m_LocalRotation.x
      value: -0
      objectReference: {fileID: 0}
    - target: {fileID: 9123724603047617099, guid: 89580e58cf2eab146ba2aeabb173f63e,
        type: 3}
      propertyPath: m_LocalRotation.y
      value: 0.6425271
      objectReference: {fileID: 0}
    - target: {fileID: 9123724603047617099, guid: 89580e58cf2eab146ba2aeabb173f63e,
        type: 3}
      propertyPath: m_LocalRotation.z
      value: -0
      objectReference: {fileID: 0}
    - target: {fileID: 9123724603047617099, guid: 89580e58cf2eab146ba2aeabb173f63e,
        type: 3}
      propertyPath: m_LocalRotation.w
      value: 0.76626295
      objectReference: {fileID: 0}
    - target: {fileID: 9123724603047617099, guid: 89580e58cf2eab146ba2aeabb173f63e,
        type: 3}
      propertyPath: m_RootOrder
      value: 5
      objectReference: {fileID: 0}
    - target: {fileID: 9123724603047617099, guid: 89580e58cf2eab146ba2aeabb173f63e,
        type: 3}
      propertyPath: m_LocalEulerAnglesHint.x
      value: 0
      objectReference: {fileID: 0}
    - target: {fileID: 9123724603047617099, guid: 89580e58cf2eab146ba2aeabb173f63e,
        type: 3}
      propertyPath: m_LocalEulerAnglesHint.y
      value: 79.961006
      objectReference: {fileID: 0}
    - target: {fileID: 9123724603047617099, guid: 89580e58cf2eab146ba2aeabb173f63e,
        type: 3}
      propertyPath: m_LocalEulerAnglesHint.z
      value: 0
      objectReference: {fileID: 0}
    - target: {fileID: -4153676201286640552, guid: 89580e58cf2eab146ba2aeabb173f63e,
        type: 3}
      propertyPath: m_IsKinematic
      value: 0
      objectReference: {fileID: 0}
    m_RemovedComponents: []
  m_SourcePrefab: {fileID: 100100000, guid: 89580e58cf2eab146ba2aeabb173f63e, type: 3}
--- !u!4 &8193740323930963858 stripped
Transform:
  m_CorrespondingSourceObject: {fileID: 9123724603047617099, guid: 89580e58cf2eab146ba2aeabb173f63e,
    type: 3}
  m_PrefabInstance: {fileID: 1093240315518115289}
  m_PrefabAsset: {fileID: 0}
--- !u!1001 &1565909753665961919
PrefabInstance:
  m_ObjectHideFlags: 0
  serializedVersion: 2
  m_Modification:
    m_TransformParent: {fileID: 7407818199001340059}
    m_Modifications:
    - target: {fileID: 2979522457582118804, guid: 6f6fee4b1d556bd4a8b83ff99a6731a8,
        type: 3}
      propertyPath: m_Name
      value: Round table
      objectReference: {fileID: 0}
    - target: {fileID: 2979522457582118804, guid: 6f6fee4b1d556bd4a8b83ff99a6731a8,
        type: 3}
      propertyPath: m_TagString
      value: Untagged
      objectReference: {fileID: 0}
    - target: {fileID: 2234412392285853063, guid: 6f6fee4b1d556bd4a8b83ff99a6731a8,
        type: 3}
      propertyPath: m_LocalPosition.x
      value: 0
      objectReference: {fileID: 0}
    - target: {fileID: 2234412392285853063, guid: 6f6fee4b1d556bd4a8b83ff99a6731a8,
        type: 3}
      propertyPath: m_LocalPosition.y
      value: 0
      objectReference: {fileID: 0}
    - target: {fileID: 2234412392285853063, guid: 6f6fee4b1d556bd4a8b83ff99a6731a8,
        type: 3}
      propertyPath: m_LocalPosition.z
      value: 0
      objectReference: {fileID: 0}
    - target: {fileID: 2234412392285853063, guid: 6f6fee4b1d556bd4a8b83ff99a6731a8,
        type: 3}
      propertyPath: m_LocalRotation.x
      value: -0.7071068
      objectReference: {fileID: 0}
    - target: {fileID: 2234412392285853063, guid: 6f6fee4b1d556bd4a8b83ff99a6731a8,
        type: 3}
      propertyPath: m_LocalRotation.y
      value: -0
      objectReference: {fileID: 0}
    - target: {fileID: 2234412392285853063, guid: 6f6fee4b1d556bd4a8b83ff99a6731a8,
        type: 3}
      propertyPath: m_LocalRotation.z
      value: -0
      objectReference: {fileID: 0}
    - target: {fileID: 2234412392285853063, guid: 6f6fee4b1d556bd4a8b83ff99a6731a8,
        type: 3}
      propertyPath: m_LocalRotation.w
      value: 0.7071068
      objectReference: {fileID: 0}
    - target: {fileID: 2234412392285853063, guid: 6f6fee4b1d556bd4a8b83ff99a6731a8,
        type: 3}
      propertyPath: m_RootOrder
      value: 0
      objectReference: {fileID: 0}
    - target: {fileID: 2234412392285853063, guid: 6f6fee4b1d556bd4a8b83ff99a6731a8,
        type: 3}
      propertyPath: m_LocalEulerAnglesHint.x
      value: -90
      objectReference: {fileID: 0}
    - target: {fileID: 2234412392285853063, guid: 6f6fee4b1d556bd4a8b83ff99a6731a8,
        type: 3}
      propertyPath: m_LocalEulerAnglesHint.y
      value: 0
      objectReference: {fileID: 0}
    - target: {fileID: 2234412392285853063, guid: 6f6fee4b1d556bd4a8b83ff99a6731a8,
        type: 3}
      propertyPath: m_LocalEulerAnglesHint.z
      value: 0
      objectReference: {fileID: 0}
    - target: {fileID: 2234412392285853063, guid: 6f6fee4b1d556bd4a8b83ff99a6731a8,
        type: 3}
      propertyPath: m_LocalScale.x
      value: 0.5
      objectReference: {fileID: 0}
    - target: {fileID: 2234412392285853063, guid: 6f6fee4b1d556bd4a8b83ff99a6731a8,
        type: 3}
      propertyPath: m_LocalScale.y
      value: 0.5
      objectReference: {fileID: 0}
    - target: {fileID: 2234412392285853063, guid: 6f6fee4b1d556bd4a8b83ff99a6731a8,
        type: 3}
      propertyPath: m_LocalScale.z
      value: 0.5
      objectReference: {fileID: 0}
    - target: {fileID: 3200435828357062165, guid: 6f6fee4b1d556bd4a8b83ff99a6731a8,
        type: 3}
      propertyPath: m_TagString
      value: TableBase
      objectReference: {fileID: 0}
    m_RemovedComponents: []
  m_SourcePrefab: {fileID: 100100000, guid: 6f6fee4b1d556bd4a8b83ff99a6731a8, type: 3}
--- !u!4 &772649518171286072 stripped
Transform:
  m_CorrespondingSourceObject: {fileID: 2234412392285853063, guid: 6f6fee4b1d556bd4a8b83ff99a6731a8,
    type: 3}
  m_PrefabInstance: {fileID: 1565909753665961919}
  m_PrefabAsset: {fileID: 0}
--- !u!1001 &1847225222882400631
PrefabInstance:
  m_ObjectHideFlags: 0
  serializedVersion: 2
  m_Modification:
    m_TransformParent: {fileID: 7332213173027556972}
    m_Modifications:
    - target: {fileID: 7997347997104644123, guid: 03113b7c1800f2841a03ef3f5f7f1e6e,
        type: 3}
      propertyPath: m_Name
      value: Chair
      objectReference: {fileID: 0}
    - target: {fileID: 6388092709920068104, guid: 03113b7c1800f2841a03ef3f5f7f1e6e,
        type: 3}
      propertyPath: m_LocalPosition.x
      value: 0.13
      objectReference: {fileID: 0}
    - target: {fileID: 6388092709920068104, guid: 03113b7c1800f2841a03ef3f5f7f1e6e,
        type: 3}
      propertyPath: m_LocalPosition.y
      value: -0.65000004
      objectReference: {fileID: 0}
    - target: {fileID: 6388092709920068104, guid: 03113b7c1800f2841a03ef3f5f7f1e6e,
        type: 3}
      propertyPath: m_LocalPosition.z
      value: -0.351
      objectReference: {fileID: 0}
    - target: {fileID: 6388092709920068104, guid: 03113b7c1800f2841a03ef3f5f7f1e6e,
        type: 3}
      propertyPath: m_LocalRotation.x
      value: -0.7071068
      objectReference: {fileID: 0}
    - target: {fileID: 6388092709920068104, guid: 03113b7c1800f2841a03ef3f5f7f1e6e,
        type: 3}
      propertyPath: m_LocalRotation.y
      value: -0
      objectReference: {fileID: 0}
    - target: {fileID: 6388092709920068104, guid: 03113b7c1800f2841a03ef3f5f7f1e6e,
        type: 3}
      propertyPath: m_LocalRotation.z
      value: -0
      objectReference: {fileID: 0}
    - target: {fileID: 6388092709920068104, guid: 03113b7c1800f2841a03ef3f5f7f1e6e,
        type: 3}
      propertyPath: m_LocalRotation.w
      value: 0.7071068
      objectReference: {fileID: 0}
    - target: {fileID: 6388092709920068104, guid: 03113b7c1800f2841a03ef3f5f7f1e6e,
        type: 3}
      propertyPath: m_RootOrder
      value: 0
      objectReference: {fileID: 0}
    - target: {fileID: 6388092709920068104, guid: 03113b7c1800f2841a03ef3f5f7f1e6e,
        type: 3}
      propertyPath: m_LocalEulerAnglesHint.x
      value: -90
      objectReference: {fileID: 0}
    - target: {fileID: 6388092709920068104, guid: 03113b7c1800f2841a03ef3f5f7f1e6e,
        type: 3}
      propertyPath: m_LocalEulerAnglesHint.y
      value: 0
      objectReference: {fileID: 0}
    - target: {fileID: 6388092709920068104, guid: 03113b7c1800f2841a03ef3f5f7f1e6e,
        type: 3}
      propertyPath: m_LocalEulerAnglesHint.z
      value: 0
      objectReference: {fileID: 0}
    m_RemovedComponents: []
  m_SourcePrefab: {fileID: 100100000, guid: 03113b7c1800f2841a03ef3f5f7f1e6e, type: 3}
--- !u!4 &4685355448210049919 stripped
Transform:
  m_CorrespondingSourceObject: {fileID: 6388092709920068104, guid: 03113b7c1800f2841a03ef3f5f7f1e6e,
    type: 3}
  m_PrefabInstance: {fileID: 1847225222882400631}
  m_PrefabAsset: {fileID: 0}
--- !u!1001 &2880300268029726822
PrefabInstance:
  m_ObjectHideFlags: 0
  serializedVersion: 2
  m_Modification:
    m_TransformParent: {fileID: 7332213173027556972}
    m_Modifications:
    - target: {fileID: 7997347997104644123, guid: 03113b7c1800f2841a03ef3f5f7f1e6e,
        type: 3}
      propertyPath: m_Name
      value: Chair (3)
      objectReference: {fileID: 0}
    - target: {fileID: 6388092709920068104, guid: 03113b7c1800f2841a03ef3f5f7f1e6e,
        type: 3}
      propertyPath: m_LocalPosition.x
      value: 0.516
      objectReference: {fileID: 0}
    - target: {fileID: 6388092709920068104, guid: 03113b7c1800f2841a03ef3f5f7f1e6e,
        type: 3}
      propertyPath: m_LocalPosition.y
      value: -0.65000004
      objectReference: {fileID: 0}
    - target: {fileID: 6388092709920068104, guid: 03113b7c1800f2841a03ef3f5f7f1e6e,
        type: 3}
      propertyPath: m_LocalPosition.z
      value: 0.064899996
      objectReference: {fileID: 0}
    - target: {fileID: 6388092709920068104, guid: 03113b7c1800f2841a03ef3f5f7f1e6e,
        type: 3}
      propertyPath: m_LocalRotation.x
      value: 0.38462526
      objectReference: {fileID: 0}
    - target: {fileID: 6388092709920068104, guid: 03113b7c1800f2841a03ef3f5f7f1e6e,
        type: 3}
      propertyPath: m_LocalRotation.y
      value: 0.59334934
      objectReference: {fileID: 0}
    - target: {fileID: 6388092709920068104, guid: 03113b7c1800f2841a03ef3f5f7f1e6e,
        type: 3}
      propertyPath: m_LocalRotation.z
      value: 0.59334934
      objectReference: {fileID: 0}
    - target: {fileID: 6388092709920068104, guid: 03113b7c1800f2841a03ef3f5f7f1e6e,
        type: 3}
      propertyPath: m_LocalRotation.w
      value: -0.3846252
      objectReference: {fileID: 0}
    - target: {fileID: 6388092709920068104, guid: 03113b7c1800f2841a03ef3f5f7f1e6e,
        type: 3}
      propertyPath: m_RootOrder
      value: 3
      objectReference: {fileID: 0}
    - target: {fileID: 6388092709920068104, guid: 03113b7c1800f2841a03ef3f5f7f1e6e,
        type: 3}
      propertyPath: m_LocalEulerAnglesHint.x
      value: -90.00001
      objectReference: {fileID: 0}
    - target: {fileID: 6388092709920068104, guid: 03113b7c1800f2841a03ef3f5f7f1e6e,
        type: 3}
      propertyPath: m_LocalEulerAnglesHint.y
      value: 0
      objectReference: {fileID: 0}
    - target: {fileID: 6388092709920068104, guid: 03113b7c1800f2841a03ef3f5f7f1e6e,
        type: 3}
      propertyPath: m_LocalEulerAnglesHint.z
      value: 245.905
      objectReference: {fileID: 0}
    m_RemovedComponents: []
  m_SourcePrefab: {fileID: 100100000, guid: 03113b7c1800f2841a03ef3f5f7f1e6e, type: 3}
--- !u!4 &9178320286864605806 stripped
Transform:
  m_CorrespondingSourceObject: {fileID: 6388092709920068104, guid: 03113b7c1800f2841a03ef3f5f7f1e6e,
    type: 3}
  m_PrefabInstance: {fileID: 2880300268029726822}
  m_PrefabAsset: {fileID: 0}
--- !u!1001 &2946433519008066757
PrefabInstance:
  m_ObjectHideFlags: 0
  serializedVersion: 2
  m_Modification:
    m_TransformParent: {fileID: 7332213173027556972}
    m_Modifications:
    - target: {fileID: 5244057998777897048, guid: 89580e58cf2eab146ba2aeabb173f63e,
        type: 3}
      propertyPath: m_Name
      value: Cigarette (2)
      objectReference: {fileID: 0}
    - target: {fileID: 9123724603047617099, guid: 89580e58cf2eab146ba2aeabb173f63e,
        type: 3}
      propertyPath: m_LocalPosition.x
      value: -0.12100001
      objectReference: {fileID: 0}
    - target: {fileID: 9123724603047617099, guid: 89580e58cf2eab146ba2aeabb173f63e,
        type: 3}
      propertyPath: m_LocalPosition.y
      value: 0.06800001
      objectReference: {fileID: 0}
    - target: {fileID: 9123724603047617099, guid: 89580e58cf2eab146ba2aeabb173f63e,
        type: 3}
      propertyPath: m_LocalPosition.z
      value: -0.148
      objectReference: {fileID: 0}
    - target: {fileID: 9123724603047617099, guid: 89580e58cf2eab146ba2aeabb173f63e,
        type: 3}
      propertyPath: m_LocalRotation.x
      value: -0
      objectReference: {fileID: 0}
    - target: {fileID: 9123724603047617099, guid: 89580e58cf2eab146ba2aeabb173f63e,
        type: 3}
      propertyPath: m_LocalRotation.y
      value: 0.40321496
      objectReference: {fileID: 0}
    - target: {fileID: 9123724603047617099, guid: 89580e58cf2eab146ba2aeabb173f63e,
        type: 3}
      propertyPath: m_LocalRotation.z
      value: -0
      objectReference: {fileID: 0}
    - target: {fileID: 9123724603047617099, guid: 89580e58cf2eab146ba2aeabb173f63e,
        type: 3}
      propertyPath: m_LocalRotation.w
      value: 0.9151053
      objectReference: {fileID: 0}
    - target: {fileID: 9123724603047617099, guid: 89580e58cf2eab146ba2aeabb173f63e,
        type: 3}
      propertyPath: m_RootOrder
      value: 7
      objectReference: {fileID: 0}
    - target: {fileID: 9123724603047617099, guid: 89580e58cf2eab146ba2aeabb173f63e,
        type: 3}
      propertyPath: m_LocalEulerAnglesHint.x
      value: 0
      objectReference: {fileID: 0}
    - target: {fileID: 9123724603047617099, guid: 89580e58cf2eab146ba2aeabb173f63e,
        type: 3}
      propertyPath: m_LocalEulerAnglesHint.y
      value: 47.559002
      objectReference: {fileID: 0}
    - target: {fileID: 9123724603047617099, guid: 89580e58cf2eab146ba2aeabb173f63e,
        type: 3}
      propertyPath: m_LocalEulerAnglesHint.z
      value: 0
      objectReference: {fileID: 0}
    - target: {fileID: -4153676201286640552, guid: 89580e58cf2eab146ba2aeabb173f63e,
        type: 3}
      propertyPath: m_IsKinematic
      value: 0
      objectReference: {fileID: 0}
    m_RemovedComponents: []
  m_SourcePrefab: {fileID: 100100000, guid: 89580e58cf2eab146ba2aeabb173f63e, type: 3}
--- !u!4 &6232470076380057230 stripped
Transform:
  m_CorrespondingSourceObject: {fileID: 9123724603047617099, guid: 89580e58cf2eab146ba2aeabb173f63e,
    type: 3}
  m_PrefabInstance: {fileID: 2946433519008066757}
  m_PrefabAsset: {fileID: 0}
--- !u!1001 &3052306084415491878
PrefabInstance:
  m_ObjectHideFlags: 0
  serializedVersion: 2
  m_Modification:
    m_TransformParent: {fileID: 7332213173027556972}
    m_Modifications:
    - target: {fileID: 5244057998777897048, guid: 89580e58cf2eab146ba2aeabb173f63e,
        type: 3}
      propertyPath: m_Name
      value: Cigarette (5)
      objectReference: {fileID: 0}
    - target: {fileID: 9123724603047617099, guid: 89580e58cf2eab146ba2aeabb173f63e,
        type: 3}
      propertyPath: m_LocalPosition.x
      value: -0.7244988
      objectReference: {fileID: 0}
    - target: {fileID: 9123724603047617099, guid: 89580e58cf2eab146ba2aeabb173f63e,
        type: 3}
      propertyPath: m_LocalPosition.y
      value: -0.24700001
      objectReference: {fileID: 0}
    - target: {fileID: 9123724603047617099, guid: 89580e58cf2eab146ba2aeabb173f63e,
        type: 3}
      propertyPath: m_LocalPosition.z
      value: -0.24132408
      objectReference: {fileID: 0}
    - target: {fileID: 9123724603047617099, guid: 89580e58cf2eab146ba2aeabb173f63e,
        type: 3}
      propertyPath: m_LocalRotation.x
      value: 0.000000113355284
      objectReference: {fileID: 0}
    - target: {fileID: 9123724603047617099, guid: 89580e58cf2eab146ba2aeabb173f63e,
        type: 3}
      propertyPath: m_LocalRotation.y
      value: -0.14353363
      objectReference: {fileID: 0}
    - target: {fileID: 9123724603047617099, guid: 89580e58cf2eab146ba2aeabb173f63e,
        type: 3}
      propertyPath: m_LocalRotation.z
      value: 0.00000014144528
      objectReference: {fileID: 0}
    - target: {fileID: 9123724603047617099, guid: 89580e58cf2eab146ba2aeabb173f63e,
        type: 3}
      propertyPath: m_LocalRotation.w
      value: 0.9896455
      objectReference: {fileID: 0}
    - target: {fileID: 9123724603047617099, guid: 89580e58cf2eab146ba2aeabb173f63e,
        type: 3}
      propertyPath: m_RootOrder
      value: 10
      objectReference: {fileID: 0}
    - target: {fileID: 9123724603047617099, guid: 89580e58cf2eab146ba2aeabb173f63e,
        type: 3}
      propertyPath: m_LocalEulerAnglesHint.x
      value: 0
      objectReference: {fileID: 0}
    - target: {fileID: 9123724603047617099, guid: 89580e58cf2eab146ba2aeabb173f63e,
        type: 3}
      propertyPath: m_LocalEulerAnglesHint.y
      value: -16.505001
      objectReference: {fileID: 0}
    - target: {fileID: 9123724603047617099, guid: 89580e58cf2eab146ba2aeabb173f63e,
        type: 3}
      propertyPath: m_LocalEulerAnglesHint.z
      value: 0
      objectReference: {fileID: 0}
    - target: {fileID: -4153676201286640552, guid: 89580e58cf2eab146ba2aeabb173f63e,
        type: 3}
      propertyPath: m_IsKinematic
      value: 0
      objectReference: {fileID: 0}
    m_RemovedComponents: []
  m_SourcePrefab: {fileID: 100100000, guid: 89580e58cf2eab146ba2aeabb173f63e, type: 3}
--- !u!4 &6108573353075567981 stripped
Transform:
  m_CorrespondingSourceObject: {fileID: 9123724603047617099, guid: 89580e58cf2eab146ba2aeabb173f63e,
    type: 3}
  m_PrefabInstance: {fileID: 3052306084415491878}
  m_PrefabAsset: {fileID: 0}
--- !u!1001 &4421591066834120023
PrefabInstance:
  m_ObjectHideFlags: 0
  serializedVersion: 2
  m_Modification:
    m_TransformParent: {fileID: 7332213173027556972}
    m_Modifications:
    - target: {fileID: 4134944725747206394, guid: a10f13acca9dfe14ca78c8c89968f522,
        type: 3}
      propertyPath: m_Name
      value: Glass (1)
      objectReference: {fileID: 0}
    - target: {fileID: 1096942657908734697, guid: a10f13acca9dfe14ca78c8c89968f522,
        type: 3}
      propertyPath: m_LocalPosition.x
      value: 0.138
      objectReference: {fileID: 0}
    - target: {fileID: 1096942657908734697, guid: a10f13acca9dfe14ca78c8c89968f522,
        type: 3}
      propertyPath: m_LocalPosition.y
      value: 0
      objectReference: {fileID: 0}
    - target: {fileID: 1096942657908734697, guid: a10f13acca9dfe14ca78c8c89968f522,
        type: 3}
      propertyPath: m_LocalPosition.z
      value: -0.268
      objectReference: {fileID: 0}
    - target: {fileID: 1096942657908734697, guid: a10f13acca9dfe14ca78c8c89968f522,
        type: 3}
      propertyPath: m_LocalRotation.x
      value: -0.7071068
      objectReference: {fileID: 0}
    - target: {fileID: 1096942657908734697, guid: a10f13acca9dfe14ca78c8c89968f522,
        type: 3}
      propertyPath: m_LocalRotation.y
      value: 0
      objectReference: {fileID: 0}
    - target: {fileID: 1096942657908734697, guid: a10f13acca9dfe14ca78c8c89968f522,
        type: 3}
      propertyPath: m_LocalRotation.z
      value: -0
      objectReference: {fileID: 0}
    - target: {fileID: 1096942657908734697, guid: a10f13acca9dfe14ca78c8c89968f522,
        type: 3}
      propertyPath: m_LocalRotation.w
      value: 0.7071067
      objectReference: {fileID: 0}
    - target: {fileID: 1096942657908734697, guid: a10f13acca9dfe14ca78c8c89968f522,
        type: 3}
      propertyPath: m_RootOrder
      value: 13
      objectReference: {fileID: 0}
    - target: {fileID: 1096942657908734697, guid: a10f13acca9dfe14ca78c8c89968f522,
        type: 3}
      propertyPath: m_LocalEulerAnglesHint.x
      value: 0
      objectReference: {fileID: 0}
    - target: {fileID: 1096942657908734697, guid: a10f13acca9dfe14ca78c8c89968f522,
        type: 3}
      propertyPath: m_LocalEulerAnglesHint.y
      value: 0
      objectReference: {fileID: 0}
    - target: {fileID: 1096942657908734697, guid: a10f13acca9dfe14ca78c8c89968f522,
        type: 3}
      propertyPath: m_LocalEulerAnglesHint.z
      value: 0
      objectReference: {fileID: 0}
    - target: {fileID: 1096942657908734697, guid: a10f13acca9dfe14ca78c8c89968f522,
        type: 3}
      propertyPath: m_LocalScale.y
      value: 0.49999982
      objectReference: {fileID: 0}
    - target: {fileID: 1096942657908734697, guid: a10f13acca9dfe14ca78c8c89968f522,
        type: 3}
      propertyPath: m_LocalScale.z
      value: 0.49999982
      objectReference: {fileID: 0}
    m_RemovedComponents: []
  m_SourcePrefab: {fileID: 100100000, guid: a10f13acca9dfe14ca78c8c89968f522, type: 3}
--- !u!4 &3631513385690945470 stripped
Transform:
  m_CorrespondingSourceObject: {fileID: 1096942657908734697, guid: a10f13acca9dfe14ca78c8c89968f522,
    type: 3}
  m_PrefabInstance: {fileID: 4421591066834120023}
  m_PrefabAsset: {fileID: 0}
--- !u!1001 &5247459872244854616
PrefabInstance:
  m_ObjectHideFlags: 0
  serializedVersion: 2
  m_Modification:
    m_TransformParent: {fileID: 7407818199001340059}
    m_Modifications:
    - target: {fileID: 4427233329325983082, guid: 68c259836f6ad774bb1229d6b4d6a142,
        type: 3}
      propertyPath: m_Name
      value: Ground
      objectReference: {fileID: 0}
    - target: {fileID: 804992703378503545, guid: 68c259836f6ad774bb1229d6b4d6a142,
        type: 3}
      propertyPath: m_LocalPosition.x
      value: -0
      objectReference: {fileID: 0}
    - target: {fileID: 804992703378503545, guid: 68c259836f6ad774bb1229d6b4d6a142,
        type: 3}
      propertyPath: m_LocalPosition.y
      value: -0.7
      objectReference: {fileID: 0}
    - target: {fileID: 804992703378503545, guid: 68c259836f6ad774bb1229d6b4d6a142,
        type: 3}
      propertyPath: m_LocalPosition.z
      value: 0
      objectReference: {fileID: 0}
    - target: {fileID: 804992703378503545, guid: 68c259836f6ad774bb1229d6b4d6a142,
        type: 3}
      propertyPath: m_LocalRotation.x
      value: -0.7071068
      objectReference: {fileID: 0}
    - target: {fileID: 804992703378503545, guid: 68c259836f6ad774bb1229d6b4d6a142,
        type: 3}
      propertyPath: m_LocalRotation.y
      value: 0
      objectReference: {fileID: 0}
    - target: {fileID: 804992703378503545, guid: 68c259836f6ad774bb1229d6b4d6a142,
        type: 3}
      propertyPath: m_LocalRotation.z
      value: 0
      objectReference: {fileID: 0}
    - target: {fileID: 804992703378503545, guid: 68c259836f6ad774bb1229d6b4d6a142,
        type: 3}
      propertyPath: m_LocalRotation.w
      value: 0.7071068
      objectReference: {fileID: 0}
    - target: {fileID: 804992703378503545, guid: 68c259836f6ad774bb1229d6b4d6a142,
        type: 3}
      propertyPath: m_RootOrder
      value: 1
      objectReference: {fileID: 0}
    - target: {fileID: 804992703378503545, guid: 68c259836f6ad774bb1229d6b4d6a142,
        type: 3}
      propertyPath: m_LocalEulerAnglesHint.x
      value: -90
      objectReference: {fileID: 0}
    - target: {fileID: 804992703378503545, guid: 68c259836f6ad774bb1229d6b4d6a142,
        type: 3}
      propertyPath: m_LocalEulerAnglesHint.y
      value: 0
      objectReference: {fileID: 0}
    - target: {fileID: 804992703378503545, guid: 68c259836f6ad774bb1229d6b4d6a142,
        type: 3}
      propertyPath: m_LocalEulerAnglesHint.z
      value: 0
      objectReference: {fileID: 0}
    - target: {fileID: 804992703378503545, guid: 68c259836f6ad774bb1229d6b4d6a142,
        type: 3}
      propertyPath: m_LocalScale.x
      value: 0.5
      objectReference: {fileID: 0}
    - target: {fileID: 804992703378503545, guid: 68c259836f6ad774bb1229d6b4d6a142,
        type: 3}
      propertyPath: m_LocalScale.y
      value: 0.5
      objectReference: {fileID: 0}
    - target: {fileID: 804992703378503545, guid: 68c259836f6ad774bb1229d6b4d6a142,
        type: 3}
      propertyPath: m_LocalScale.z
      value: 0.5
      objectReference: {fileID: 0}
    m_RemovedComponents: []
  m_SourcePrefab: {fileID: 100100000, guid: 68c259836f6ad774bb1229d6b4d6a142, type: 3}
--- !u!4 &4898034489595090977 stripped
Transform:
  m_CorrespondingSourceObject: {fileID: 804992703378503545, guid: 68c259836f6ad774bb1229d6b4d6a142,
    type: 3}
  m_PrefabInstance: {fileID: 5247459872244854616}
  m_PrefabAsset: {fileID: 0}
--- !u!1001 &5775873687599537104
PrefabInstance:
  m_ObjectHideFlags: 0
  serializedVersion: 2
  m_Modification:
    m_TransformParent: {fileID: 7332213173027556972}
    m_Modifications:
    - target: {fileID: 7997347997104644123, guid: 03113b7c1800f2841a03ef3f5f7f1e6e,
        type: 3}
      propertyPath: m_Name
      value: Chair (2)
      objectReference: {fileID: 0}
    - target: {fileID: 6388092709920068104, guid: 03113b7c1800f2841a03ef3f5f7f1e6e,
        type: 3}
      propertyPath: m_LocalPosition.x
      value: -0.59699994
      objectReference: {fileID: 0}
    - target: {fileID: 6388092709920068104, guid: 03113b7c1800f2841a03ef3f5f7f1e6e,
        type: 3}
      propertyPath: m_LocalPosition.y
      value: -0.684
      objectReference: {fileID: 0}
    - target: {fileID: 6388092709920068104, guid: 03113b7c1800f2841a03ef3f5f7f1e6e,
        type: 3}
      propertyPath: m_LocalPosition.z
      value: -0.17300001
      objectReference: {fileID: 0}
    - target: {fileID: 6388092709920068104, guid: 03113b7c1800f2841a03ef3f5f7f1e6e,
        type: 3}
      propertyPath: m_LocalRotation.x
      value: -0.07931457
      objectReference: {fileID: 0}
    - target: {fileID: 6388092709920068104, guid: 03113b7c1800f2841a03ef3f5f7f1e6e,
        type: 3}
      propertyPath: m_LocalRotation.y
      value: 0.70264506
      objectReference: {fileID: 0}
    - target: {fileID: 6388092709920068104, guid: 03113b7c1800f2841a03ef3f5f7f1e6e,
        type: 3}
      propertyPath: m_LocalRotation.z
      value: 0.7026439
      objectReference: {fileID: 0}
    - target: {fileID: 6388092709920068104, guid: 03113b7c1800f2841a03ef3f5f7f1e6e,
        type: 3}
      propertyPath: m_LocalRotation.w
      value: 0.07931481
      objectReference: {fileID: 0}
    - target: {fileID: 6388092709920068104, guid: 03113b7c1800f2841a03ef3f5f7f1e6e,
        type: 3}
      propertyPath: m_RootOrder
      value: 2
      objectReference: {fileID: 0}
    - target: {fileID: 6388092709920068104, guid: 03113b7c1800f2841a03ef3f5f7f1e6e,
        type: 3}
      propertyPath: m_LocalEulerAnglesHint.x
      value: -90.00001
      objectReference: {fileID: 0}
    - target: {fileID: 6388092709920068104, guid: 03113b7c1800f2841a03ef3f5f7f1e6e,
        type: 3}
      propertyPath: m_LocalEulerAnglesHint.y
      value: 0
      objectReference: {fileID: 0}
    - target: {fileID: 6388092709920068104, guid: 03113b7c1800f2841a03ef3f5f7f1e6e,
        type: 3}
      propertyPath: m_LocalEulerAnglesHint.z
      value: 167.119
      objectReference: {fileID: 0}
    m_RemovedComponents: []
  m_SourcePrefab: {fileID: 100100000, guid: 03113b7c1800f2841a03ef3f5f7f1e6e, type: 3}
--- !u!4 &616736949988297176 stripped
Transform:
  m_CorrespondingSourceObject: {fileID: 6388092709920068104, guid: 03113b7c1800f2841a03ef3f5f7f1e6e,
    type: 3}
  m_PrefabInstance: {fileID: 5775873687599537104}
  m_PrefabAsset: {fileID: 0}
--- !u!1001 &6773553981268736186
PrefabInstance:
  m_ObjectHideFlags: 0
  serializedVersion: 2
  m_Modification:
    m_TransformParent: {fileID: 7332213173027556972}
    m_Modifications:
    - target: {fileID: 5244057998777897048, guid: 89580e58cf2eab146ba2aeabb173f63e,
        type: 3}
      propertyPath: m_Name
      value: Cigarette (1)
      objectReference: {fileID: 0}
    - target: {fileID: 9123724603047617099, guid: 89580e58cf2eab146ba2aeabb173f63e,
        type: 3}
      propertyPath: m_LocalPosition.x
      value: -0.111
      objectReference: {fileID: 0}
    - target: {fileID: 9123724603047617099, guid: 89580e58cf2eab146ba2aeabb173f63e,
        type: 3}
      propertyPath: m_LocalPosition.y
      value: 0.06800001
      objectReference: {fileID: 0}
    - target: {fileID: 9123724603047617099, guid: 89580e58cf2eab146ba2aeabb173f63e,
        type: 3}
      propertyPath: m_LocalPosition.z
      value: -0.207
      objectReference: {fileID: 0}
    - target: {fileID: 9123724603047617099, guid: 89580e58cf2eab146ba2aeabb173f63e,
        type: 3}
      propertyPath: m_LocalRotation.x
      value: -0
      objectReference: {fileID: 0}
    - target: {fileID: 9123724603047617099, guid: 89580e58cf2eab146ba2aeabb173f63e,
        type: 3}
      propertyPath: m_LocalRotation.y
      value: 0.8594816
      objectReference: {fileID: 0}
    - target: {fileID: 9123724603047617099, guid: 89580e58cf2eab146ba2aeabb173f63e,
        type: 3}
      propertyPath: m_LocalRotation.z
      value: -0
      objectReference: {fileID: 0}
    - target: {fileID: 9123724603047617099, guid: 89580e58cf2eab146ba2aeabb173f63e,
        type: 3}
      propertyPath: m_LocalRotation.w
      value: 0.5111669
      objectReference: {fileID: 0}
    - target: {fileID: 9123724603047617099, guid: 89580e58cf2eab146ba2aeabb173f63e,
        type: 3}
      propertyPath: m_RootOrder
      value: 6
      objectReference: {fileID: 0}
    - target: {fileID: 9123724603047617099, guid: 89580e58cf2eab146ba2aeabb173f63e,
        type: 3}
      propertyPath: m_LocalEulerAnglesHint.x
      value: 0
      objectReference: {fileID: 0}
    - target: {fileID: 9123724603047617099, guid: 89580e58cf2eab146ba2aeabb173f63e,
        type: 3}
      propertyPath: m_LocalEulerAnglesHint.y
      value: 118.517006
      objectReference: {fileID: 0}
    - target: {fileID: 9123724603047617099, guid: 89580e58cf2eab146ba2aeabb173f63e,
        type: 3}
      propertyPath: m_LocalEulerAnglesHint.z
      value: 0
      objectReference: {fileID: 0}
    - target: {fileID: -4153676201286640552, guid: 89580e58cf2eab146ba2aeabb173f63e,
        type: 3}
      propertyPath: m_IsKinematic
      value: 0
      objectReference: {fileID: 0}
    m_RemovedComponents: []
  m_SourcePrefab: {fileID: 100100000, guid: 89580e58cf2eab146ba2aeabb173f63e, type: 3}
--- !u!4 &2350180105077234417 stripped
Transform:
  m_CorrespondingSourceObject: {fileID: 9123724603047617099, guid: 89580e58cf2eab146ba2aeabb173f63e,
    type: 3}
  m_PrefabInstance: {fileID: 6773553981268736186}
  m_PrefabAsset: {fileID: 0}
--- !u!1001 &7392876119349906046
PrefabInstance:
  m_ObjectHideFlags: 0
  serializedVersion: 2
  m_Modification:
    m_TransformParent: {fileID: 7407818199001340059}
    m_Modifications:
    - target: {fileID: 4017388034696773692, guid: a02cd041b3e334033a6a1cca42078b12,
        type: 3}
      propertyPath: m_Name
      value: Start
      objectReference: {fileID: 0}
    - target: {fileID: 4507562744603450790, guid: a02cd041b3e334033a6a1cca42078b12,
        type: 3}
      propertyPath: m_LocalPosition.x
      value: -0.024000002
      objectReference: {fileID: 0}
    - target: {fileID: 4507562744603450790, guid: a02cd041b3e334033a6a1cca42078b12,
        type: 3}
      propertyPath: m_LocalPosition.y
      value: 0.063
      objectReference: {fileID: 0}
    - target: {fileID: 4507562744603450790, guid: a02cd041b3e334033a6a1cca42078b12,
        type: 3}
      propertyPath: m_LocalPosition.z
      value: -0.285
      objectReference: {fileID: 0}
    - target: {fileID: 4507562744603450790, guid: a02cd041b3e334033a6a1cca42078b12,
        type: 3}
      propertyPath: m_LocalRotation.x
      value: -0
      objectReference: {fileID: 0}
    - target: {fileID: 4507562744603450790, guid: a02cd041b3e334033a6a1cca42078b12,
        type: 3}
      propertyPath: m_LocalRotation.y
      value: -0
      objectReference: {fileID: 0}
    - target: {fileID: 4507562744603450790, guid: a02cd041b3e334033a6a1cca42078b12,
        type: 3}
      propertyPath: m_LocalRotation.z
      value: -0
      objectReference: {fileID: 0}
    - target: {fileID: 4507562744603450790, guid: a02cd041b3e334033a6a1cca42078b12,
        type: 3}
      propertyPath: m_LocalRotation.w
      value: 1
      objectReference: {fileID: 0}
    - target: {fileID: 4507562744603450790, guid: a02cd041b3e334033a6a1cca42078b12,
        type: 3}
      propertyPath: m_RootOrder
      value: 3
      objectReference: {fileID: 0}
    - target: {fileID: 4507562744603450790, guid: a02cd041b3e334033a6a1cca42078b12,
        type: 3}
      propertyPath: m_LocalEulerAnglesHint.x
      value: 0
      objectReference: {fileID: 0}
    - target: {fileID: 4507562744603450790, guid: a02cd041b3e334033a6a1cca42078b12,
        type: 3}
      propertyPath: m_LocalEulerAnglesHint.y
      value: 0
      objectReference: {fileID: 0}
    - target: {fileID: 4507562744603450790, guid: a02cd041b3e334033a6a1cca42078b12,
        type: 3}
      propertyPath: m_LocalEulerAnglesHint.z
      value: 0
      objectReference: {fileID: 0}
    m_RemovedComponents: []
  m_SourcePrefab: {fileID: 100100000, guid: a02cd041b3e334033a6a1cca42078b12, type: 3}
--- !u!1 &5861545453510740546 stripped
GameObject:
  m_CorrespondingSourceObject: {fileID: 4017388034696773692, guid: a02cd041b3e334033a6a1cca42078b12,
    type: 3}
  m_PrefabInstance: {fileID: 7392876119349906046}
  m_PrefabAsset: {fileID: 0}
--- !u!4 &6347491375047399384 stripped
Transform:
  m_CorrespondingSourceObject: {fileID: 4507562744603450790, guid: a02cd041b3e334033a6a1cca42078b12,
    type: 3}
  m_PrefabInstance: {fileID: 7392876119349906046}
  m_PrefabAsset: {fileID: 0}
--- !u!1001 &7638220546081502009
PrefabInstance:
  m_ObjectHideFlags: 0
  serializedVersion: 2
  m_Modification:
    m_TransformParent: {fileID: 7407818199001340059}
    m_Modifications:
    - target: {fileID: 8181406554276336086, guid: 1f9ffc59fd18242be8a884fa2a4da12c,
        type: 3}
      propertyPath: m_Name
      value: End
      objectReference: {fileID: 0}
    - target: {fileID: 2928097861400041904, guid: 1f9ffc59fd18242be8a884fa2a4da12c,
        type: 3}
      propertyPath: m_LocalPosition.x
      value: -0.63010293
      objectReference: {fileID: 0}
    - target: {fileID: 2928097861400041904, guid: 1f9ffc59fd18242be8a884fa2a4da12c,
        type: 3}
      propertyPath: m_LocalPosition.y
      value: -0.26410004
      objectReference: {fileID: 0}
    - target: {fileID: 2928097861400041904, guid: 1f9ffc59fd18242be8a884fa2a4da12c,
        type: 3}
      propertyPath: m_LocalPosition.z
      value: -0.24542327
      objectReference: {fileID: 0}
    - target: {fileID: 2928097861400041904, guid: 1f9ffc59fd18242be8a884fa2a4da12c,
        type: 3}
      propertyPath: m_LocalRotation.x
      value: 0.6976111
      objectReference: {fileID: 0}
    - target: {fileID: 2928097861400041904, guid: 1f9ffc59fd18242be8a884fa2a4da12c,
        type: 3}
      propertyPath: m_LocalRotation.y
      value: -0.115493804
      objectReference: {fileID: 0}
    - target: {fileID: 2928097861400041904, guid: 1f9ffc59fd18242be8a884fa2a4da12c,
        type: 3}
      propertyPath: m_LocalRotation.z
      value: 0.115493804
      objectReference: {fileID: 0}
    - target: {fileID: 2928097861400041904, guid: 1f9ffc59fd18242be8a884fa2a4da12c,
        type: 3}
      propertyPath: m_LocalRotation.w
      value: 0.6976111
      objectReference: {fileID: 0}
    - target: {fileID: 2928097861400041904, guid: 1f9ffc59fd18242be8a884fa2a4da12c,
        type: 3}
      propertyPath: m_RootOrder
      value: 2
      objectReference: {fileID: 0}
    - target: {fileID: 2928097861400041904, guid: 1f9ffc59fd18242be8a884fa2a4da12c,
        type: 3}
      propertyPath: m_LocalEulerAnglesHint.x
      value: 90.00001
      objectReference: {fileID: 0}
    - target: {fileID: 2928097861400041904, guid: 1f9ffc59fd18242be8a884fa2a4da12c,
        type: 3}
      propertyPath: m_LocalEulerAnglesHint.y
      value: 0
      objectReference: {fileID: 0}
    - target: {fileID: 2928097861400041904, guid: 1f9ffc59fd18242be8a884fa2a4da12c,
        type: 3}
      propertyPath: m_LocalEulerAnglesHint.z
      value: 18.801
      objectReference: {fileID: 0}
    m_RemovedComponents: []
  m_SourcePrefab: {fileID: 100100000, guid: 1f9ffc59fd18242be8a884fa2a4da12c, type: 3}
--- !u!1 &1984496391274537711 stripped
GameObject:
  m_CorrespondingSourceObject: {fileID: 8181406554276336086, guid: 1f9ffc59fd18242be8a884fa2a4da12c,
    type: 3}
  m_PrefabInstance: {fileID: 7638220546081502009}
  m_PrefabAsset: {fileID: 0}
--- !u!4 &4801638076152785545 stripped
Transform:
  m_CorrespondingSourceObject: {fileID: 2928097861400041904, guid: 1f9ffc59fd18242be8a884fa2a4da12c,
    type: 3}
  m_PrefabInstance: {fileID: 7638220546081502009}
  m_PrefabAsset: {fileID: 0}
--- !u!1001 &7963027802529593344
PrefabInstance:
  m_ObjectHideFlags: 0
  serializedVersion: 2
  m_Modification:
    m_TransformParent: {fileID: 7332213173027556972}
    m_Modifications:
    - target: {fileID: 4134944725747206394, guid: a10f13acca9dfe14ca78c8c89968f522,
        type: 3}
      propertyPath: m_Name
      value: Glass
      objectReference: {fileID: 0}
    - target: {fileID: 1096942657908734697, guid: a10f13acca9dfe14ca78c8c89968f522,
        type: 3}
      propertyPath: m_LocalPosition.x
      value: 0.27
      objectReference: {fileID: 0}
    - target: {fileID: 1096942657908734697, guid: a10f13acca9dfe14ca78c8c89968f522,
        type: 3}
      propertyPath: m_LocalPosition.y
      value: 0
      objectReference: {fileID: 0}
    - target: {fileID: 1096942657908734697, guid: a10f13acca9dfe14ca78c8c89968f522,
        type: 3}
      propertyPath: m_LocalPosition.z
      value: 0.132
      objectReference: {fileID: 0}
    - target: {fileID: 1096942657908734697, guid: a10f13acca9dfe14ca78c8c89968f522,
        type: 3}
      propertyPath: m_LocalRotation.x
      value: -0.7071068
      objectReference: {fileID: 0}
    - target: {fileID: 1096942657908734697, guid: a10f13acca9dfe14ca78c8c89968f522,
        type: 3}
      propertyPath: m_LocalRotation.y
      value: 0
      objectReference: {fileID: 0}
    - target: {fileID: 1096942657908734697, guid: a10f13acca9dfe14ca78c8c89968f522,
        type: 3}
      propertyPath: m_LocalRotation.z
      value: -0
      objectReference: {fileID: 0}
    - target: {fileID: 1096942657908734697, guid: a10f13acca9dfe14ca78c8c89968f522,
        type: 3}
      propertyPath: m_LocalRotation.w
      value: 0.7071067
      objectReference: {fileID: 0}
    - target: {fileID: 1096942657908734697, guid: a10f13acca9dfe14ca78c8c89968f522,
        type: 3}
      propertyPath: m_RootOrder
      value: 12
      objectReference: {fileID: 0}
    - target: {fileID: 1096942657908734697, guid: a10f13acca9dfe14ca78c8c89968f522,
        type: 3}
      propertyPath: m_LocalEulerAnglesHint.x
      value: 0
      objectReference: {fileID: 0}
    - target: {fileID: 1096942657908734697, guid: a10f13acca9dfe14ca78c8c89968f522,
        type: 3}
      propertyPath: m_LocalEulerAnglesHint.y
      value: 0
      objectReference: {fileID: 0}
    - target: {fileID: 1096942657908734697, guid: a10f13acca9dfe14ca78c8c89968f522,
        type: 3}
      propertyPath: m_LocalEulerAnglesHint.z
      value: 0
      objectReference: {fileID: 0}
    m_RemovedComponents: []
  m_SourcePrefab: {fileID: 100100000, guid: a10f13acca9dfe14ca78c8c89968f522, type: 3}
--- !u!4 &7042297284910547689 stripped
Transform:
  m_CorrespondingSourceObject: {fileID: 1096942657908734697, guid: a10f13acca9dfe14ca78c8c89968f522,
    type: 3}
  m_PrefabInstance: {fileID: 7963027802529593344}
  m_PrefabAsset: {fileID: 0}
--- !u!1001 &8160050025567576347
PrefabInstance:
  m_ObjectHideFlags: 0
  serializedVersion: 2
  m_Modification:
    m_TransformParent: {fileID: 7332213173027556972}
    m_Modifications:
    - target: {fileID: 3819769355731302435, guid: 60fd69f5ece6cf84c94e9c6477548a04,
        type: 3}
      propertyPath: m_Name
      value: Beer bottle
      objectReference: {fileID: 0}
    - target: {fileID: 241455112938031664, guid: 60fd69f5ece6cf84c94e9c6477548a04,
        type: 3}
      propertyPath: m_LocalPosition.x
      value: -0.202
      objectReference: {fileID: 0}
    - target: {fileID: 241455112938031664, guid: 60fd69f5ece6cf84c94e9c6477548a04,
        type: 3}
      propertyPath: m_LocalPosition.y
      value: -0.005
      objectReference: {fileID: 0}
    - target: {fileID: 241455112938031664, guid: 60fd69f5ece6cf84c94e9c6477548a04,
        type: 3}
      propertyPath: m_LocalPosition.z
      value: -0.099
      objectReference: {fileID: 0}
    - target: {fileID: 241455112938031664, guid: 60fd69f5ece6cf84c94e9c6477548a04,
        type: 3}
      propertyPath: m_LocalRotation.x
      value: 0.67458093
      objectReference: {fileID: 0}
    - target: {fileID: 241455112938031664, guid: 60fd69f5ece6cf84c94e9c6477548a04,
        type: 3}
      propertyPath: m_LocalRotation.y
      value: -0.21198995
      objectReference: {fileID: 0}
    - target: {fileID: 241455112938031664, guid: 60fd69f5ece6cf84c94e9c6477548a04,
        type: 3}
      propertyPath: m_LocalRotation.z
      value: -0.21199042
      objectReference: {fileID: 0}
    - target: {fileID: 241455112938031664, guid: 60fd69f5ece6cf84c94e9c6477548a04,
        type: 3}
      propertyPath: m_LocalRotation.w
      value: -0.674582
      objectReference: {fileID: 0}
    - target: {fileID: 241455112938031664, guid: 60fd69f5ece6cf84c94e9c6477548a04,
        type: 3}
      propertyPath: m_RootOrder
      value: 4
      objectReference: {fileID: 0}
    - target: {fileID: 241455112938031664, guid: 60fd69f5ece6cf84c94e9c6477548a04,
        type: 3}
      propertyPath: m_LocalEulerAnglesHint.x
      value: -90.00001
      objectReference: {fileID: 0}
    - target: {fileID: 241455112938031664, guid: 60fd69f5ece6cf84c94e9c6477548a04,
        type: 3}
      propertyPath: m_LocalEulerAnglesHint.y
      value: 0
      objectReference: {fileID: 0}
    - target: {fileID: 241455112938031664, guid: 60fd69f5ece6cf84c94e9c6477548a04,
        type: 3}
      propertyPath: m_LocalEulerAnglesHint.z
      value: 394.891
      objectReference: {fileID: 0}
    m_RemovedComponents: []
  m_SourcePrefab: {fileID: 100100000, guid: 60fd69f5ece6cf84c94e9c6477548a04, type: 3}
--- !u!4 &8243698822400764715 stripped
Transform:
  m_CorrespondingSourceObject: {fileID: 241455112938031664, guid: 60fd69f5ece6cf84c94e9c6477548a04,
    type: 3}
  m_PrefabInstance: {fileID: 8160050025567576347}
  m_PrefabAsset: {fileID: 0}
--- !u!1001 &8458930040490059173
PrefabInstance:
  m_ObjectHideFlags: 0
  serializedVersion: 2
  m_Modification:
    m_TransformParent: {fileID: 7332213173027556972}
    m_Modifications:
    - target: {fileID: 5244057998777897048, guid: 89580e58cf2eab146ba2aeabb173f63e,
        type: 3}
      propertyPath: m_Name
      value: Cigarette (3)
      objectReference: {fileID: 0}
    - target: {fileID: 9123724603047617099, guid: 89580e58cf2eab146ba2aeabb173f63e,
        type: 3}
      propertyPath: m_LocalPosition.x
      value: -0.008
      objectReference: {fileID: 0}
    - target: {fileID: 9123724603047617099, guid: 89580e58cf2eab146ba2aeabb173f63e,
        type: 3}
      propertyPath: m_LocalPosition.y
      value: 0.06800001
      objectReference: {fileID: 0}
    - target: {fileID: 9123724603047617099, guid: 89580e58cf2eab146ba2aeabb173f63e,
        type: 3}
      propertyPath: m_LocalPosition.z
      value: -0.156
      objectReference: {fileID: 0}
    - target: {fileID: 9123724603047617099, guid: 89580e58cf2eab146ba2aeabb173f63e,
        type: 3}
      propertyPath: m_LocalRotation.x
      value: -0
      objectReference: {fileID: 0}
    - target: {fileID: 9123724603047617099, guid: 89580e58cf2eab146ba2aeabb173f63e,
        type: 3}
      propertyPath: m_LocalRotation.y
      value: 0.6425271
      objectReference: {fileID: 0}
    - target: {fileID: 9123724603047617099, guid: 89580e58cf2eab146ba2aeabb173f63e,
        type: 3}
      propertyPath: m_LocalRotation.z
      value: -0
      objectReference: {fileID: 0}
    - target: {fileID: 9123724603047617099, guid: 89580e58cf2eab146ba2aeabb173f63e,
        type: 3}
      propertyPath: m_LocalRotation.w
      value: 0.76626295
      objectReference: {fileID: 0}
    - target: {fileID: 9123724603047617099, guid: 89580e58cf2eab146ba2aeabb173f63e,
        type: 3}
      propertyPath: m_RootOrder
      value: 8
      objectReference: {fileID: 0}
    - target: {fileID: 9123724603047617099, guid: 89580e58cf2eab146ba2aeabb173f63e,
        type: 3}
      propertyPath: m_LocalEulerAnglesHint.x
      value: 0
      objectReference: {fileID: 0}
    - target: {fileID: 9123724603047617099, guid: 89580e58cf2eab146ba2aeabb173f63e,
        type: 3}
      propertyPath: m_LocalEulerAnglesHint.y
      value: 79.961006
      objectReference: {fileID: 0}
    - target: {fileID: 9123724603047617099, guid: 89580e58cf2eab146ba2aeabb173f63e,
        type: 3}
      propertyPath: m_LocalEulerAnglesHint.z
      value: 0
      objectReference: {fileID: 0}
    - target: {fileID: -4153676201286640552, guid: 89580e58cf2eab146ba2aeabb173f63e,
        type: 3}
      propertyPath: m_IsKinematic
      value: 0
      objectReference: {fileID: 0}
    m_RemovedComponents: []
  m_SourcePrefab: {fileID: 100100000, guid: 89580e58cf2eab146ba2aeabb173f63e, type: 3}
--- !u!4 &862952947312445422 stripped
Transform:
  m_CorrespondingSourceObject: {fileID: 9123724603047617099, guid: 89580e58cf2eab146ba2aeabb173f63e,
    type: 3}
  m_PrefabInstance: {fileID: 8458930040490059173}
  m_PrefabAsset: {fileID: 0}
